AoeStats
← SAKI

Black Forest

510297703Analyzed
4v4 RM · 23h ago on Sep 30, 2026· 51m 38s· 8 players
Game mode
Random Map
Map size
Large (8 player)
Population
200
Speed
Normal
Resources
Standard
Victory
Conquest
Starting age
Dark Age
Ending age
Imperial Age
RankedLock teamsTeams togetherTeam positionsShared explorationLock speedFull tech treeHidden civsTurbo modeCheats
Victory
Defeat
1119
+14
🇰🇷 Poles · South Korea
1078
+16
🇩🇪 Bohemians · Germany
1051
+17
🇨🇳 Britons · China
1036
+18
🇬🇧 Bulgarians · United Kingdom
1133
-19
🇨🇿 Khmer · Czechia
1117
-18
🇨🇳 Italians · China
1116
-18
🇨🇳 Romans · China
928
-10
magemetea
11:32 Feudal Age
12:05 Double-Bit Axe
12:02 Horse Collar
13:08 Wheelbarrow
19:37 Castle Age
19:59 Gold Mining
20:33 Hand Cart
20:29 Bow Saw
20:57 Heavy Plow
21:22 Bloodlines
23:52 Scale Barding Armor
24:01 Szlachta Privileges
24:04 Husbandry
25:33 Forging
28:18 Chain Barding Armor
30:17 Iron Casting
31:39 Caravan
37:09 Imperial Age
36:53 Stone Mining
38:22 Crop Rotation
37:24 Cavalier
39:35 Blast Furnace
39:03 Light Cavalry
43:59 Winged Hussar
DeusMaximus263
0:43 Loom
12:30 Feudal Age
17:55 Castle Age
16:07 Double-Bit Axe
17:31 Horse Collar
25:32 Fortified Wall
25:50 Town Watch
28:42 Wheelbarrow
30:20 Heavy Plow
30:34 Bow Saw
31:57 Chemistry
32:36 Padded Archer Armor
32:27 Fletching
33:00 Ballistics
34:12 Hand Cart
34:17 Leather Archer Armor
37:53 Imperial Age
36:24 Wagenburg Tactics
36:50 Bodkin Arrow
37:18 Elite Skirmisher
38:15 Masonry
39:07 Conscription
39:22 Ring Archer Armor
38:52 Bracer
39:46 Scale Mail Armor
39:56 Forging
44:46 Pikeman
45:26 Squires
45:12 Arson
45:47 Chain Mail Armor
46:08 Iron Casting
46:22 Siege Engineers
46:47 Architecture
45:50 Halberdier
47:06 Plate Mail Armor
49:30 Two-Man Saw
50:36 Houfnice
此时无声胜有声
5:54 Loom
10:37 Feudal Age
16:43 Castle Age
15:12 Double-Bit Axe
15:26 Horse Collar
19:34 Forging
25:34 Wheelbarrow
27:43 Stone Mining
27:44 Gold Mining
27:56 Heavy Plow
28:26 Bow Saw
32:23 Imperial Age
30:09 Hand Cart
29:40 Town Watch
30:20 Devotion
30:44 Bloodlines
31:11 Iron Casting
30:42 Scale Barding Armor
30:28 Fletching
31:57 Gold Shaft Mining
31:58 Stone Shaft Mining
31:46 Caravan
33:07 Conscription
35:15 Blast Furnace
37:00 Chemistry
35:56 Murder Holes
36:25 Chain Barding Armor
36:16 Elite War Elephant
37:44 Hoardings
37:56 Citadels
38:46 Plate Barding Armor
38:07 Bodkin Arrow
38:13 Padded Archer Armor
38:41 Kamandaran
38:46 Crossbowman
39:31 Thumb Ring
41:00 Leather Archer Armor
44:27 Guilds
45:56 Ring Archer Armor
48:59 Ballistics
48:50 Masonry
枪声
0:41 Loom
0:48 Loom
12:56 Feudal Age
18:20 Castle Age
18:33 Man-at-Arms
23:33 Fletching
29:14 Pikeman
34:23 Imperial Age
32:37 Fortified Wall
33:24 Wheelbarrow
32:41 Gold Mining
32:39 Double-Bit Axe
34:35 Pikeman
35:15 Squires
36:08 Hand Cart
36:19 Crossbowman
37:48 Arbalester
39:08 Hand Cart
43:09 Bow Saw
43:58 Onager
45:31 Bodkin Arrow
50:21 Two-Man Saw
50:12 Gold Shaft Mining
49:29 Stone Mining
DESTINNI
5:29 Loom
8:51 Feudal Age
9:22 Double-Bit Axe
10:37 Horse Collar
16:45 Castle Age
23:07 Wheelbarrow
22:19 Town Watch
26:50 Imperial Age
25:06 Heavy Plow
25:17 Bow Saw
26:31 Hand Cart
27:04 Stone Mining
27:05 Gold Mining
28:53 Bloodlines
30:01 Conscription
31:10 Crop Rotation
31:17 Gold Shaft Mining
31:07 Husbandry
33:52 Chemistry
32:44 Elite Ballista Elephant
35:21 Siege Engineers
36:05 Ballistics
35:59 Caravan
37:11 Double Crossbow
37:53 Masonry
37:38 Murder Holes
45:25 Architecture
44:42 Heavy Scorpion
45:50 Capped Ram
46:37 Elite Battle Elephant
49:11 Scale Barding Armor
48:58 Fletching
49:19 Forging
51:20 Chain Barding Armor
51:36 Iron Casting
Canyu
10:54 Feudal Age
11:37 Loom
15:20 Castle Age
13:33 Double-Bit Axe
14:14 Horse Collar
17:33 Bow Saw
17:55 Heavy Plow
22:39 Wheelbarrow
23:15 Gold Mining
23:17 Stone Mining
24:53 Hand Cart
25:43 Gold Shaft Mining
26:27 Fervor
29:16 Herbal Medicine
32:17 Imperial Age
30:04 Town Watch
30:45 Ballistics
30:21 Murder Holes
30:37 Masonry
30:29 Scale Mail Armor
30:39 Forging
30:20 Fletching
30:30 Padded Archer Armor
30:44 Scale Barding Armor
31:12 Town Patrol
33:12 Iron Casting
32:53 Chain Mail Armor
32:59 Chain Barding Armor
32:35 Bodkin Arrow
33:54 Architecture
33:32 Siege Engineers
32:55 Pikeman
33:36 Squires
32:57 Man-at-Arms
33:37 Halberdier
35:20 Blast Furnace
35:03 Long Swordsman
36:01 Fortified Wall
36:06 Guilds
35:57 Caravan
36:48 Padded Archer Armor
37:24 Plate Barding Armor
36:30 Legionary
39:03 Conscription
39:04 Comitatenses
38:49 Ballistas
38:05 Elite Centurion
40:41 Onager
SAKI
0:57 Loom
11:59 Feudal Age
16:59 Castle Age
14:55 Horse Collar
15:28 Double-Bit Axe
15:53 Stone Mining
19:53 Bow Saw
20:31 Gold Mining
27:11 Imperial Age
25:57 Wheelbarrow
26:09 Fletching
27:07 Bodkin Arrow
27:14 Padded Archer Armor
27:59 Ballistics
28:55 Chemistry
29:12 Two-Man Saw
29:26 Hand Cart
29:51 Bracer
31:43 Town Watch
34:49 Murder Holes
35:20 Leather Archer Armor
37:00 Stone Shaft Mining
36:55 Squires
36:59 Scale Mail Armor
37:09 Forging
38:28 Conscription
38:36 Heavy Plow
38:51 Elite Genoese Crossbowman
41:12 Ring Archer Armor
41:37 Caravan
41:57 Pikeman
43:04 Chain Mail Armor
43:25 Iron Casting
43:31 Silk Road
44:39 Plate Mail Armor
45:10 Blast Furnace
45:24 Blast Furnace
KingUrs4721
0:36 Loom
14:05 Feudal Age
15:28 Double-Bit Axe
15:50 Arson
18:45 Horse Collar
22:08 Forging
21:58 Scale Mail Armor
26:54 Stone Mining
29:00 Wheelbarrow
30:41 Castle Age
28:53 Gold Mining
30:49 Town Watch
32:18 Gambesons
33:09 Iron Casting
32:49 Chain Mail Armor
33:10 Squires
35:12 Chain Mail Armor
35:11 Pikeman
37:26 Bow Saw
37:23 Heavy Plow
40:03 Town Patrol
40:18 Hand Cart
Connection lost

Rejoining the realm…

Still unreachable

The connection could not be restored.

Session expired

The server has moved on; the page needs a fresh start.